 Dungeon Crawl Stone Soup version 0.28-a0-687-gb91baff9cc (webtiles) character file.

Game seed: 5528203209369098894

64 kae the Ruffian (level 3, -2/29 HPs)
             Began as a Draconian Transmuter on Oct 19, 2021.
             Frozen to death by an endoplasm (3 damage)
             ... on level 3 of the Dungeon.
             The game lasted 00:01:12 (2029 turns).

kae the Ruffian (Draconian Transmuter)              Turns: 2029, Time: 00:01:13

Health: -2/29      AC:  5    Str: 12    XL:     3   Next: 91%
Magic:  6/6        EV: 12    Int: 14    God:
Gold:   45         SH:  0    Dex: 11    Spells: 2/6 levels left

rFire   . . .      SeeInvis .     - Unarmed
rCold   . . .      Faith    .   (no shield)
rNeg    . . .      Spirit   .   (armour unavailable)
rPois   .          Reflect  .   (helmet restricted)
rElec   .          Harm     .   (no cloak)
rCorr   .          Rampage  .   (no gloves)
Will    .....                   (no boots)
Stlth   +.........              (no amulet)
HPRegen 0.09/turn               (no ring)
MPRegen 0.10/turn               (no ring)

@: lethally poisoned (-2 -> -7), slowed, very slow
A: AC +5, unfitting armour, cold-blooded
a: no special abilities


You were on level 3 of the Dungeon.
You visited 1 branch of the dungeon, and saw 3 of its levels.

You collected 45 gold pieces.

Inventory:

Scrolls
 b - a scroll of identify
Potions
 a - 2 potions of curing
 d - a potion of magic
 e - a potion of attraction


   Skills:
 + Level 2.1 Fighting
 - Level 1.7 Dodging
 * Level 3.9 Unarmed Combat
 - Level 2.0 Spellcasting
 + Level 2.5 Transmutations
 * Level 1.1 Poison Magic


You had 2 spell levels left.
You knew the following spells:

 Your Spells              Type           Power      Damage    Failure   Level
a - Beastly Appendage     Tmut           16%        N/A       9%          1
b - Spider Form           Tmut/Pois      3%         N/A       32%         3

Your spell library contained the following spells:

 Spells                   Type           Power      Damage    Failure   Level
 Wereblood                Tmut           8%         N/A       13%         2
 Ice Form                 Ice/Tmut       5%         N/A       80%         4


Dungeon Overview and Level Annotations

Branches:
Dungeon (3/15)

Altars:

Shops:
D:1 [


Innate Abilities, Weirdness & Mutations

Your plain brown scales are hard. (AC +5)
You cannot fit into any form of body armour.
You are cold-blooded and may be slowed by cold attacks.


Message History

You feel yourself speed up.
The endoplasm hits you but does no damage.
The adder closely misses you. The endoplasm freezes you.
You are frozen.
You feel yourself slow down. The adder bites you.
You are too injured to fight recklessly!
You are too injured to fight recklessly!
You are too injured to fight recklessly!
You are too injured to fight recklessly!
You miss the adder. Your kick misses the adder.
The adder is heavily wounded.
The adder bites you but does no damage. The endoplasm freezes you.
You are frozen.
The adder bites you.
You are poisoned.
The adder poisons you!
You hit the adder.
Your tail-slap misses the adder.
The adder is heavily wounded.
You feel yourself speed up.
You feel sick. The endoplasm closely misses you.
The adder bites you but does no damage. The endoplasm barely misses you.
You closely miss the adder. Your headbutt misses the adder.
Your tail-slap misses the adder.
The adder is heavily wounded.
You feel sick. The adder bites you.
* * * LOW HITPOINT WARNING * * *
You are lethally poisoned!
The adder poisons you! The endoplasm freezes you.
You are frozen.
* * * LOW HITPOINT WARNING * * *
You feel yourself slow down.
You hit the adder.
You kill the adder!
Your horns disappear.
Your talons disappear.
* * * LOW HITPOINT WARNING * * *
You feel sick. The endoplasm freezes you.
You are frozen.
You die...

........#.# ..
........#.#####..# ..
........#.#.....# ...
........#.#.### ....
..............#####....
............†..#......
..<......[..†.<.......
........######..J##...
..(...... ##@#≈≈.P♣
.......?.........≈≈P..P
........####).....PP♣♣.
........# .......P.♣♣
........#..##....♣.♣
>........ #....♣P. #
#....♣ ♣P #####. ♣P


You could see an endoplasm.

Vanquished Creatures
  2 adders (D:3)
  2 worms (D:2)
  7 ball pythons
  4 endoplasms
  4 giant cockroaches
  3 goblins
  3 hobgoblins
  5 kobolds
  3 quokkas
  5 bats
  5 frilled lizards
  5 rats
48 creatures vanquished.

Notes
Turn   | Place    | Note
-------+----------+-------------------------------------------
     0 | D:1      | kae the Draconian Transmuter began the quest for the Orb.
     0 | D:1      | Reached XP level 1. HP: 16/16 MP: 3/3
   272 | D:1      | Reached XP level 2. HP: 17/23 MP: 3/5
   379 | D:1      | Found a faded altar of an unknown god.
   627 | D:1      | Found Nean's Armour Shoppe.
   959 | D:2      | Reached XP level 3. HP: 28/29 MP: 4/6
   963 | D:2      | Learned a level 3 spell: Spider Form
  1959 | D:3      | Reached skill level 1 in Poison Magic
  2029 | D:3      | HP: 1/29 [poisoned by an adder]
  2029 | D:3      | Frozen to death by an endoplasm

Illustrated notes

Levels and vault maps discovered:
D:1:      co_arrival_square_in_a_square_in_a_square, layout_basic, serial_shops,
          shop, shapermc_ecumenical_altar_acropolis
D:2:      layout_loops_ring
D:3:      layout_rooms, nicolae_elyvilon_peaceful_grove, portal_sewer_entry_f

Skill      XL: |  1  2  3 |
---------------+----------+-----
Fighting       | 2 |  2.1
Poison Magic   | 1 |  1.1
Dodging        | |  1.7
Unarmed Combat | |  3.9
Spellcasting   | |  2.0
Transmutations | |  2.5

Action                   || total
-------------------------++-------
Melee: Unarmed           ||   126
       Tailslap          ||    12
       Headbutt          ||    11
       Kick              ||    19
       Punch             ||     1
 Cast: Beastly Appendage ||    32
  Use: Scroll            ||     4
Armor: Skin              ||    43
Dodge: Dodged            ||    88

Table legend: (Time is in decaauts)
 A = Elapsed time spent in this place.
 B = Non-inter-level travel time spent in this place.
 C = Inter-level travel time spent in this place.
 D = Time resting spent in this place.
 E = Time spent auto-exploring this place.
 F = Levels seen in this place.
 G = Mean time per level.
                   A        B        C        D        E       F      G
               +--------+--------+--------+--------+--------+-----+--------+
         Total |   2023 |   1988 |     35 |      0 |   1665 |   3 |  674.3 |
       Dungeon |   2023 |   1988 |     35 |      0 |   1665 |   3 |  674.3 |
               +--------+--------+--------+--------+--------+-----+--------+

Top non-repeatable levels by time:
     D:2: 1129 daAuts
     D:1: 798 daAuts
     D:3: 95 daAuts
